 Dungeon Crawl Stone Soup version 0.19.0-9-gfd783f2 (webtiles) character file.

195 GordonOverkill the Chucker (level 5, -6/55 HPs)
             Began as an Ogre Hunter on Nov 8, 2016.
             Killed from afar by an orc wizard (8 damage)
             ... with a puff of frost
             ... on level 3 of the Dungeon.
             The game lasted 00:06:55 (2363 turns).

GordonOverkill the Chucker (Ogre Hunter)            Turns: 2363, Time: 00:06:56

Health: -6/55      AC:  3    Str: 18    XL:     5   Next: 74%
Magic:  5/5        EV: 10    Int: 10    God:
Gold:   170        SH:  4    Dex: 10    Spells: 0 memorised, 4 levels left

rFire  . . .     SeeInvis .     l - +0 mace
rCold  . . .     Gourm    .     b - +0 robe
rNeg   . . .     Faith    .     (no shield)
rPois  .         Spirit   .     (helmet restricted)
rElec  .         Reflect  +     (no cloak)
rCorr  .         Harm     .     (gloves unavailable)
MR     .....                    (boots unavailable)
Stlth  +.........               r - +4 amulet of reflection
                                (no ring)
                                (no ring)

@: flying, hasted, very quick
A: unfitting armour, tough skin 1
a: no special abilities


You were on level 3 of the Dungeon.
You were not hungry.

You visited 1 branch of the dungeon, and saw 3 of its levels.

You collected 170 gold pieces.

Inventory:

Hand Weapons
 l - a +0 mace (weapon)
Missiles
 d - a throwing net (quivered)
Armour
 b - a +0 robe (worn)
Jewellery
 r - a +4 amulet of reflection (around neck)
Wands
 p - a wand of flame (23/48)
Scrolls
 a - a scroll of identify {unknown}
 e - a scroll of remove curse {unknown}
 h - a scroll of amnesia {unknown}
 i - 2 scrolls of magic mapping {unknown}
 j - a scroll of noise {unknown}
Potions
 m - a potion of lignification {unknown}
 n - 3 potions of flight
 o - a potion of magic {unknown}
Comestibles
 f - 2 bread rations
 g - a meat ration
 q - a slice of pizza


   Skills:
 + Level 4.5 Fighting
 * Level 4.6 Maces & Flails
 + Level 4.9 Throwing
 - Level 1.7 Dodging
 - Level 0.6 Stealth


You had 4 spell levels left.
You didn't know any spells.

Dungeon Overview and Level Annotations

Branches:
Dungeon (3/15)

Altars:
Kikubaaqudgha


Innate Abilities, Weirdness & Mutations

You are too large for most types of armour.
You have tough skin. (AC +1)


Message History

* * * LOW HITPOINT WARNING * * *
Unknown command.
Throwing (i - inventory. (,) - cycle):
c - a large rock (quivered)
Press: ? - help, Shift-Dir - straight line, f/p - orc wizard
Aim: an orc wizard, wielding a dagger and wearing a robe (heavily wounded)
You throw a large rock.
The large rock barely misses the orc wizard.
The orc wizard gestures at you while chanting.
The puff of frost hits you!
* * * LOW HITPOINT WARNING * * *
The orc wizard closely misses you.
Unknown command.
It was a potion of flight.
You feel very buoyant.
You fly up into the air.
The orc wizard barely misses you.
Unknown command.
It was a potion of haste.
You feel yourself speed up.
The orc wizard points at you and mumbles some strange words.
The puff of frost hits you!
You die...

### #.# ..# #.# #
# #.# . #.###.# .#
##.#..<#.### .#
.........)og##.#
..#......@#.#..#
#########.#..#.#.#
. ................
..
#######g#####...
... ###.###


ogo. #.....# o.o.. #####.....# ..o...#.........# #o.(##....### You could see an
orc wizard and a goblin.

Vanquished Creatures
  An orc priest (D:3)
  Natasha (thrice) (D:2)
  3 adders (D:2)
  An ooze (D:1)
  3 worms (D:2)
  A dart slug (D:1)
  2 orcs (D:3)
  3 ball pythons
  5 goblins
  2 hobgoblins
  6 jackals (D:2)
  6 kobolds
  A quokka (D:2)
  3 bats
  5 frilled lizards (D:2)
  7 rats
52 creatures vanquished.

Notes
Turn   | Place    | Note
-------+----------+-------------------------------------------
     0 | D:1      | GordonOverkill the Ogre Hunter began the quest for the Orb.
     0 | D:1      | Reached XP level 1. HP: 22/22 MP: 1/1
   348 | D:1      | Reached XP level 2. HP: 28/31 MP: 2/2
   889 | D:1      | Reached skill level 1 in Maces & Flails
  1008 | D:2      | Reached XP level 3. HP: 17/37 MP: 3/3
  1462 | D:2      | Noticed Natasha
  1464 | D:2      | Killed Natasha
  1464 | D:2      | Reached XP level 4. HP: 48/48 MP: 4/4
  1501 | D:2      | Noticed Natasha
  1503 | D:2      | Killed Natasha
  1745 | D:2      | Noticed Natasha
  1746 | D:2      | Killed Natasha
  1746 | D:2      | Reached XP level 5. HP: 44/54 MP: 5/5
  2050 | D:2      | Found an ancient bone altar of Kikubaaqudgha.
  2361 | D:3      | HP: 2/55 [orc wizard/puff of frost (6)]
  2363 | D:3      | Killed from afar by an orc wizard

Skill      XL: |  1  2  3  4  5 |
---------------+----------------+-----
Fighting       | 3 4 |  4.5
Maces & Flails | 1 2 3 4 |  4.6
Throwing       | |  4.9
Dodging        | |  1.7
Stealth        | |  0.6

Action                   |  1- 3 |  4- 6 || total
-------------------------+-------+-------++-------
Melee: Short sword       |    30 |       ||    30
       Club              |    70 |       ||    70
       Mace              |    20 |    68 ||    88
Throw: Large rock        |     7 |    16 ||    23
       Throwing net      |     1 |       ||     1
  Use: Potion            |       |     2 ||     2
 Stab: Sleeping          |     1 |       ||     1
  Eat: Chunk             |     2 |     3 ||     5
Armor: Robe              |    45 |    26 ||    71
Dodge: Dodged            |    89 |    33 ||   122
Block: Other             |       |     2 ||     2
       Reflection        |       |     1 ||     1
